 Dungeon Crawl Stone Soup version 0.31-a0-1074-g0b22e4e0f1 (webtiles) character file.

Game seed: 11414659681619584639

960 lunkers the Martial Artist (level 8, -1/59 HPs)
             Began as a Meteoran Shapeshifter on Nov 29, 2023.
             Was a Follower of Okawaru.
             Slain by an ogre
             ... wielding a +0 giant spiked club
              (35 damage)
             ... on level 6 of the Dungeon.
             The game lasted 00:05:22 (2810 turns).

lunkers the Martial Artist (Meteoran Shapeshifter)  Turns: 2810, Time: 00:05:23

Health: -1/59      AC:  9    Str: 16    XL:     8   Next: 64%
Magic:  11/11      EV: 11    Int: 11    God:    Okawaru [*.....]
Gold:   295        SH:  0    Dex: 16    Spells: 7/7 levels left

rFire   . .          .
                       - Unarmed
rCold   . . .        (no shield)
rNeg    . . .        h - +0 ring mail
rPois   .            (helmet currently unavailable)
rElec   .            (cloak currently unavailable)
rCorr   .            (gloves currently unavailable)
SInv    +            (boots currently unavailable)
Will    +....        j - amulet of magic regeneration
Stlth   +            o - ring of see invisible
HPRegen 0.29/turn    u - +4 ring of protection
MPRegen 0.52/turn

%: no passive effects
@: beast-form, glowing
A: beast (slay +3), sense surroundings 1, otherworldly, glowing, explore regen
a: Begin Untransformation, Renounce Religion, Heroism


You were on level 6 of the Dungeon.
You worshipped Okawaru.
Okawaru was aware of your devotion.
You were a hulking beast.
You visited 1 branch of the dungeon, and saw 6 of its levels.

You collected 295 gold pieces.

Inventory:

Hand Weapons
 g - the +9 short sword "Killer Bee's Death" {heavy, Drain Dex+4 SInv}
   (You found it on level 2 of the Dungeon)

   Dex+4:     It affects your dexterity (+4).
   SInv:      It lets you see invisible.
   Drain:     It drains your maximum health when unequipped.
 p - the +7 dagger of the Special Xalams {chaos, SInv}
   (You found it on level 4 of the Dungeon)

   SInv:      It lets you see invisible.
Armour
 a - a +0 animal skin
 f - a +2 helmet
 h - a +0 ring mail (worn)
 q - a +0 pair of gloves
Jewellery
 e - an amulet of faith
 j - an amulet of magic regeneration (around neck)
 o - a ring of see invisible (left hand)
 s - a ring of ice
 u - a +4 ring of protection (right hand)
Talismans
 c - a beast talisman
 d - a flux talisman
Wands
 v - a wand of iceblast (13)
Scrolls
 k - a scroll of identify
 l - 2 scrolls of torment {unknown}
 m - a scroll of immolation {unknown}
 n - a scroll of summoning {unknown}
 r - a scroll of enchant armour {unknown}
Potions
 b - a potion of enlightenment {unknown}
 i - 2 potions of attraction
 t - a potion of haste {unknown}


   Skills:
 - Level 1.1 Fighting
 - Level 2.1 Dodging
 * Level 9.3 Unarmed Combat
 + Level 2.7 Invocations
 + Level 6.6 Shapeshifting


You had 7 spell levels left.
You didn't know any spells.
Your spell library contained the following spells:

 Spells                   Type           Power      Damage    Failure   Level
 Poisonous Vapours        Pois/Air       0%         N/A       71%         2
 Mephitic Cloud           Conj/Pois/Air  0%         N/A       90%         3
 Freezing Cloud           Conj/Ice/Air   0%         6-21      100%        5


Dungeon Overview and Level Annotations

Branches:
Dungeon (6/15) Zot: 803
 Temple: D:4-7

Altars:
Hepliaklqana
Okawaru
Sif Muna

Shops:
D:1 [   D:5 [


Innate Abilities, Weirdness & Mutations

You are a hulking beast.
Your limbs bulge with bestial killing power. (Slay +3)
You passively map a small area around you.
You are easily found by Zot.
You glow in the dark.
You regain HP and MP as you explore.


Message History

The hound barely misses you.
You punch the hound!
You kill the hound!
Okawaru accepts your kill.
No target in view!
No target in view!
No target in view!
No target in view!
No target in view!
No target in view!
No target in view!
No target in view!
No target in view!
No target in view!
No target in view!
No target in view!
No target in view!
No target in view!
No target in view!
You open the door.
An ogre comes into view. It is wielding a +0 giant spiked club.
The ogre shouts!
The ogre hits you with a +0 giant spiked club.
You see here a hound corpse.
You hit the ogre.
The ogre is lightly wounded.
The ogre closely misses you.
You hit the ogre.
The ogre is moderately wounded.
You punch the ogre! Your punch misses the ogre.
The ogre is heavily wounded.
The ogre hits you with a +0 giant spiked club!!
* * * LOW HITPOINT WARNING * * *
You hit the ogre.
The ogre is severely wounded.
You completely miss the ogre.
The ogre is severely wounded.
The ogre hits you with a +0 giant spiked club!!
Ouch! That really hurt!
You die...

, , , #....#
,,,, #....#, ,
, ,
#.>..###+## *
, , *
#.........# ,
* *
####+##....<#
#.....'.....#
,#.....#.....#
#.... #....##
, +..., #h...#
, #.. , #O...#
*, ## #....# *
, , ....... ,
, ......... ,
, ,
,,..........,
, ,
,.......... ,
** *+
##########. ,
,, , , ,


You could see an ogre.

Vanquished Creatures
  Grinder (D:5)
  A black bear (D:5)
  A bullfrog (D:6)
  2 scorpions
  3 wights (D:6)
  A hound (D:6)
  3 jellies
  2 iguanas (D:5)
  2 orc wizards
  7 adders
  A white imp (D:5)
  A worm (D:2)
  2 dart slugs
  9 orcs
  2 ball pythons
  10 endoplasms
  2 giant cockroaches (D:1)
  7 hobgoblins
  3 jackals (D:3)
  2 kobolds (D:4)
  4 quokkas
  3 bats
  A frilled lizard (D:2)
  4 goblins
  5 rats
79 creatures vanquished.

Notes
Turn   | Place    | Note
-------+----------+-------------------------------------------
     0 | D:1      | lunkers the Meteoran Shapeshifter began the quest for the
                  | Orb.
     0 | D:1      | Reached XP level 1. HP: 16/16 MP: 2/2
    36 | D:1      | Reached XP level 2. HP: 13/23 MP: 3/3
    54 | D:1      | Reached skill level 4 in Unarmed Combat
   110 | D:1      | Reached XP level 3. HP: 17/28 MP: 4/4
   123 | D:1      | Found Giuh's Armour Shop.
   309 | D:2      | Found a shimmering blue altar of Sif Muna.
   427 | D:2      | Reached XP level 4. HP: 27/35 MP: 5/5
   503 | D:2      | Reached skill level 5 in Unarmed Combat
   779 | D:2      | Identified the +9 short sword "Killer Bee's Death" {heavy,
                  | Drain Dex+4 SInv}
  1020 | D:3      | Reached XP level 5. HP: 36/40 MP: 6/6
  1655 | D:4      | Reached skill level 6 in Unarmed Combat
  1748 | D:4      | Reached XP level 6. HP: 28/47 MP: 7/7
  1837 | D:4      | Found a hazy altar of Hepliaklqana.
  1838 | D:4      | Found an iron altar of Okawaru.
  1960 | D:4      | Became a worshipper of Warmaster Okawaru
  2147 | D:4      | Identified the +7 dagger of the Special Xalams {chaos,
                  | SInv}
  2301 | D:4      | Glimpsed the power of Zot.
  2325 | D:5      | Entered Level 5 of the Dungeon
  2325 | D:5      | Noticed a black bear
  2326 | D:5      | Noticed Grinder
  2333 | D:5      | Killed a black bear
  2334 | D:5      | Reached skill level 5 in Shapeshifting
  2339 | D:5      | Reached skill level 7 in Unarmed Combat
  2339 | D:5      | Reached XP level 7. HP: 52/52 MP: 8/8
  2355 | D:5      | Killed Grinder
  2356 | D:5      | Reached skill level 8 in Unarmed Combat
  2449 | D:5      | Reached * piety under Okawaru
  2453 | D:5      | Reached XP level 8. HP: 43/59 MP: 9/9
  2589 | D:5      | Found Fitish's Armour Emporium.
  2747 | D:6      | Reached skill level 1 in Invocations
  2768 | D:6      | Reached skill level 9 in Unarmed Combat
  2810 | D:6      | Slain by an ogre

Illustrated notes

Levels and vault maps discovered:
D:1:      tarquinn_simple_flora_water_d, layout_rooms, serial_shops, shop
D:2:      wander_river, layout_loops_ring, basic_altar
D:3:      layout_basic
D:4:      minmay_thinvault, layout_gridville, mainiacjoe_overflow_divided_tiny
D:5:      layout_loops_cross, serial_shops, nicolae_shop_real_fake_doors,
          uniq_grinder
D:6:      layout_gridville, minmay_temple_entry_enclosed_plants,
          grunt_ministairs_7, chequers_hall_statues_corner_a

Skill      XL: |  1  2  3  4  5  6  7  8 |
---------------+-------------------------+-----
Unarmed Combat | 4 5 6 7 8 9 |  9.3
Shapeshifting  | 4 5 6 |  6.6
Invocations    | 2 |  2.7
Fighting       | |  1.1
Dodging        | |  2.1

Action                     |  1- 3 |  4- 6 |  7- 9 || total
---------------------------+-------+-------+-------++-------
  Melee: Unarmed           |    65 |    96 |    66 ||   227
         Punch             |       |     3 |       ||     3
    Use: Scroll            |     3 |     3 |       ||     6
         Potion            |       |     1 |       ||     1
 Armour: Animal skin       |    31 |    12 |       ||    43
         Ring mail         |       |    34 |    25 ||    59
         Skin              |       |    14 |     3 ||    17
  Dodge: Dodged            |    33 |    49 |    28 ||   110

Table legend: (Time is in decaauts)
 A = Elapsed time spent in this place.
 B = Non-inter-level travel time spent in this place.
 C = Inter-level travel time spent in this place.
 D = Time resting spent in this place.
 E = Time spent auto-exploring this place.
 F = Levels seen in this place.
 G = Mean time per level.
                   A        B        C        D        E       F      G
               +--------+--------+--------+--------+--------+-----+--------+
         Total |   2795 |   2748 |     47 |     18 |   2011 |   6 |  465.8 |
       Dungeon |   2795 |   2748 |     47 |     18 |   2011 |   6 |  465.8 |
               +--------+--------+--------+--------+--------+-----+--------+

Top non-repeatable levels by time:
     D:3: 816 daAuts
     D:4: 712 daAuts
     D:2: 492 daAuts
     D:5: 409 daAuts
     D:1: 301 daAuts
     D:6: 62 daAuts
